 Dungeon Crawl Stone Soup version 0.31-a0-795-g5eb97db20b (webtiles) character file.

Game seed: 17643909912216697860

288 Dordric the Changeling (level 6, -1/35 HPs)
             Began as an Octopode Shapeshifter on Sept 18, 2023.
             Slain by a gnoll sergeant
             ... wielding a +4 vampiric trident
              (8 damage)
             ... on level 3 of the Dungeon.
             The game lasted 00:03:07 (2031 turns).

Dordric the Changeling (Octopode Shapeshifter)      Turns: 2031, Time: 00:03:09

Health: -1/35      AC:  1    Str: 13    XL:     6   Next: 31%
Magic:  6/6        EV: 13    Int: 13    God:
Gold:   146        SH:  0    Dex: 13    Spells: 5/5 levels left

rFire   . .          .
                       - Unarmed
rCold   . . .        (shield currently unavailable)
rNeg    . . .        (helmet restricted)
rPois   .            (no amulet)
rElec   .            (no ring)
rCorr   .            (no ring)
SInv    .            (no ring)
Will    .....        (no ring)
Stlth   +            (no ring)
HPRegen 0.25/turn    (no ring)
MPRegen 0.10/turn    (no ring)
                     (no ring)

%: no passive effects
@: flux-form, glowing
A: glow, contaminating, reduced hp, almost no armour, amphibious, 8 rings,
camouflage 1, gelatinous body 1, (nimble swimmer 1), tentacles
a: Begin Untransformation


You were on level 3 of the Dungeon.
You were something dangerously unstable.
You visited 1 branch of the dungeon, and saw 3 of its levels.

You collected 146 gold pieces.

Inventory:

Missiles
 m - a throwing net
Talismans
 b - a beast talisman
 c - a flux talisman (active)
Scrolls
 e - a scroll of revelation
 h - 2 scrolls of silence
 i - a scroll of torment {unknown}
 j - a scroll of fear
 l - a scroll of fog {unknown}
 n - a scroll of teleportation {unknown}
Potions
 a - a potion of lignification
 d - a potion of curing {unknown}
 f - 3 potions of attraction {unknown}
 g - a potion of haste {unknown}
 k - a potion of berserk rage {unknown}
 o - a potion of mutation {unknown}


   Skills:
 - Level 1.0 Fighting
 - Level 2.0 Dodging
 - Level 3.0 Unarmed Combat
 + Level 6.4 Shapeshifting


You had 5 spell levels left.
You didn't know any spells.
Your spell library contained the following spells:

 Spells                   Type           Power      Damage    Failure   Level
 Call Canine Familiar     Summ           0%         N/A       67%         3
 Sigil of Binding         Hex            0%         N/A       67%         3
 Dimensional Bullseye     Hex/Tloc       0%         N/A       97%         4
 Leda's Liquefaction      Hex/Erth       0%         N/A       97%         4


Dungeon Overview and Level Annotations

Branches:
Dungeon (3/15)

Altars:


Innate Abilities, Weirdness & Mutations

You are something dangerously unstable.
You glow with magical radiation, making you easy to see and hit.
Foes you strike become dangerously contaminated with magical radiation.
Your maximum health is decreased, since you lack skill for your form.
You are incapable of wielding weapons or throwing items.
You cannot wear most types of armour.
You are amphibious.
You can wear up to eight rings at the same time.
Your skin changes colour to match your surroundings (Stealth+).
Your rubbery body absorbs attacks. (AC +1, EV +1)
((You are camouflaged when in or above water. (Stealth+)))
You have tentacles for arms and can constrict up to eight enemies at once.


Message History

You tentacle-slap Natasha.
You kill Natasha!
You feel Natasha's spirit has finally been put to rest.
Found a stone staircase leading down.
An endoplasm comes into view.
The endoplasm hits you.
You tentacle-slap the endoplasm.
The endoplasm begins to glow.
The endoplasm is moderately wounded.
The endoplasm jiggles.
The endoplasm misses you.
You tentacle-slap the endoplasm.
The endoplasm glows dangerously bright.
The endoplasm is almost dead.
The endoplasm barely misses you.
The gnoll sergeant shouts!
You tentacle-slap the endoplasm but do no damage.
The endoplasm shudders as magic cascades through it.
You kill the endoplasm!
You hear the brisk rusting of a drain very nearby.
There is a stone staircase leading down here.
The gnoll sergeant closely misses you.
The gnoll sergeant hits you with a +4 vampiric trident!
You closely miss the gnoll sergeant. Your grab misses the gnoll sergeant.
The gnoll sergeant barely misses you.
You tentacle-slap the gnoll sergeant.
The gnoll sergeant begins to glow.
You grab the gnoll sergeant. You squeeze the gnoll sergeant.
The gnoll sergeant is moderately wounded.
You constrict the gnoll sergeant. The gnoll sergeant misses you.
You tentacle-slap the gnoll sergeant but do no damage.
The gnoll sergeant glows dangerously bright.
The gnoll sergeant is moderately wounded.
You constrict the gnoll sergeant, but do no damage.
The gnoll sergeant hits you with a +4 vampiric trident!
* * * LOW HITPOINT WARNING * * *
You tentacle-slap the gnoll sergeant.
The gnoll sergeant shudders as magic cascades through it.
The gnoll sergeant twists and deforms.
The gnoll sergeant is heavily wounded.
You constrict the gnoll sergeant.
The gnoll sergeant hits you with a +4 vampiric trident!
You die...

*∩~~~,* ***** *~~~~,#*
*,,,* ## *~~~~,.##
****,*,* #. *~~~,,..#
*,,,,,,******#. *~~,,,#.#
*,**,#..,,,,,#. *,,*###.#
*,**,#.#*****#. **,,,...#
*.#*,#.# #.
*****#.####.####g#######.
#>.pg..........g....
#..###.####.#######. #..#
#.####.#######.
#..###.......)......
#.....<...#.##.####.
###.............# #.
####..#.#.##..###.
####....#.##......
#...........$.....


You could see a gnoll sergeant (misshapen).

Vanquished Creatures
  Pargi (D:3)
  Natasha (thrice) (D:3)
  5 adders (D:2)
  3 gnolls (D:3)
  A worm (D:3)
  2 dart slugs
  6 endoplasms
  2 giant cockroaches (D:1)
  6 goblins
  4 hobgoblins
  4 kobolds
  A quokka (D:1)
  3 ball pythons
  A bat (D:1)
  2 frilled lizards
  2 rats (D:1)
46 creatures vanquished.

Notes
Turn   | Place    | Note
-------+----------+-------------------------------------------
     0 | D:1      | Dordric the Octopode Shapeshifter began the quest for the
                  | Orb.
     0 | D:1      | Reached XP level 1. HP: 13/13 MP: 1/1
   283 | D:1      | Reached XP level 2. HP: 18/18 MP: 2/2
  1041 | D:2      | Reached skill level 4 in Shapeshifting
  1041 | D:2      | Reached XP level 3. HP: 23/23 MP: 3/3
  1317 | D:2      | Reached XP level 4. HP: 20/28 MP: 4/4
  1786 | D:3      | Found a faded altar of an unknown god.
  1827 | D:3      | Noticed Natasha
  1833 | D:3      | Killed Natasha
  1834 | D:3      | Reached skill level 5 in Shapeshifting
  1878 | D:3      | Noticed Pargi
  1897 | D:3      | Killed Pargi
  1898 | D:3      | Reached XP level 5. HP: 27/33 MP: 5/5
  1962 | D:3      | Reached skill level 6 in Shapeshifting
  1983 | D:3      | Noticed Natasha
  1984 | D:3      | Reached XP level 6. HP: 26/38 MP: 6/6
  1989 | D:3      | Killed Natasha
  2008 | D:3      | Noticed Natasha
  2014 | D:3      | Killed Natasha
  2031 | D:3      | Slain by a gnoll sergeant

Illustrated notes

Levels and vault maps discovered:
D:1:      lightli_arrival_flooded_house, layout_basic
D:2:      layout_loops_ring, kennysheep_crisscross
D:3:      layout_basic, chequers_temple_overflow_minitemple,
          portal_sewer_entry_b, chequers_mini_garden, uniq_crazy_yiuf_cottage,
          uniq_pargi, uniq_natasha

Skill      XL: |  1  2  3  4  5 |
---------------+----------------+-----
Shapeshifting  | 4 5 6 |  6.4
Fighting       | |  1.0
Dodging        | |  2.0
Unarmed Combat | |  3.0

Action                     |  1- 3 |  4- 6 || total
---------------------------+-------+-------++-------
  Melee: Unarmed           |    46 |    61 ||   107
         Constrict         |    11 |    13 ||    24
         Tentacles         |    13 |    12 ||    25
         Punch             |     1 |       ||     1
    Use: Scroll            |       |     4 ||     4
         Potion            |       |     1 ||     1
   Stab: Sleeping          |    11 |       ||    11
 Armour: Skin              |     8 |    51 ||    59
  Dodge: Dodged            |    16 |    34 ||    50
   Form: Flux              |       |     1 ||     1

Table legend: (Time is in decaauts)
 A = Elapsed time spent in this place.
 B = Non-inter-level travel time spent in this place.
 C = Inter-level travel time spent in this place.
 D = Time resting spent in this place.
 E = Time spent auto-exploring this place.
 F = Levels seen in this place.
 G = Mean time per level.
                   A        B        C        D        E       F      G
               +--------+--------+--------+--------+--------+-----+--------+
         Total |   2024 |   1964 |     60 |     65 |   1519 |   3 |  674.7 |
       Dungeon |   2024 |   1964 |     60 |     65 |   1519 |   3 |  674.7 |
               +--------+--------+--------+--------+--------+-----+--------+

Top non-repeatable levels by time:
     D:1: 1019 daAuts
     D:2: 746 daAuts
     D:3: 258 daAuts
